 Dungeon Crawl Stone Soup version 0.23-a0-417-gf02c810438 (webtiles) character file.

4237 Xesh the Cleaver (level 10, -5/84 HPs)
             Began as a Minotaur Fighter on Nov 11, 2018.
             Was a Follower of Okawaru.
             Slain by a two-headed ogre
             ... wielding a +0 giant spiked club
              (22 damage)
             ... on level 8 of the Dungeon.
             The game lasted 00:13:54 (7453 turns).

Xesh the Cleaver (Minotaur Fighter)                 Turns: 7453, Time: 00:13:54

Health: -5/84      AC: 13    Str: 30    XL:     10   Next: 9%
Magic:  9/9        EV:  8    Int:  5    God:    Okawaru [*.....]
Gold:   560        SH: 11    Dex:  7    Spells: 9/9 levels left

rFire    + . .     SeeInvis +   a - +3 war axe (drain)
rCold    + . .     Gourm    .   c - +0 shield
rNeg     . . .     Faith    .   b - +0 plate armour
rPois    +         Spirit   .   (helmet restricted)
rElec    .         Reflect  .   o - scarf {rC+ rF+}
rCorr    .         Harm     .   (no gloves)
MR       .....                  (no boots)
Stlth    ..........             (no amulet)
HPRegen  0.24/turn              p - +2 ring of intelligence
MPRegen  0.11/turn              n - ring of see invisible

@: mighty, lethally poisoned (-5 -> -8)
A: retaliatory headbutt, horns 2, clumsy 1, dopey 1, poison resistance
a: Heroism, Renounce Religion


You were on level 8 of the Dungeon.
You worshipped Okawaru.
Okawaru was aware of your devotion.
You were not hungry.

You visited 2 branches of the dungeon, and saw 9 of its levels.
You also visited: Ossuary.

You collected 560 gold pieces.

Inventory:

Hand Weapons
 a - a +3 war axe of draining (weapon)
Armour
 b - a +0 plate armour (worn)
 c - a +0 shield (worn)
 o - a scarf of resistance (worn)
Jewellery
 k - an uncursed ring of flight
 n - a ring of see invisible (right hand)
 p - a +2 ring of intelligence (left hand)
Wands
 v - a wand of clouds (7)
 x - a wand of disintegration (8)
 y - a wand of iceblast (8)
Scrolls
 g - 8 scrolls of teleportation
 j - 4 scrolls of remove curse
 q - 2 scrolls of fog
 w - a scroll of fear
Potions
 h - 2 potions of heal wounds
 i - 2 potions of berserk rage
 l - 2 potions of cancellation
 m - 5 potions of brilliance
 r - a potion of flight
 s - a potion of magic
 t - 2 potions of haste
 u - 6 potions of curing
Comestibles
 f - 10 rations


   Skills:
 + Level 6.5 Fighting
 * Level 12.4 Axes
 + Level 7.0 Armour
 * Level 5.9 Dodging
 + Level 0.3 Stealth
 + Level 7.2 Shields


You had 9 spell levels left.
You didn't know any spells.
Your spell library contained the following spells:

 Spells                   Type           Power        Failure   Level  Hunger
 Animate Skeleton         Necr           N/A          100%        1    ##.....
 Apportation              Tloc           #.....       100%        1    ##.....
 Confusing Touch          Hex            #.....       100%        1    ##.....
 Corona                   Hex            #......      100%        1    ##.....
 Magic Dart               Conj           #...         100%        1    ##.....
 Summon Small Mammal      Summ           #...         100%        1    ##.....
 Blink                    Tloc           N/A          100%        2    ###....
 Call Imp                 Summ           #.......     100%        2    ###....
 Slow                     Hex            #.......     100%        2    ###....
 Confuse                  Hex            #.......     100%        3    ####...
 Conjure Flame            Conj/Fire      #.......     100%        3    ####...
 Gell's Gravitas          Tloc           #.........   100%        3    ####...
 Inner Flame              Hex/Fire       #.......     100%        3    ####...
 Mephitic Cloud           Conj/Pois/Air  #.......     100%        3    ####...
 Portal Projectile        Hex/Tloc       #.....       100%        3    ####...
 Cause Fear               Hex            #.........   100%        4    #####..
 Leda's Liquefaction      Hex/Erth       #.........   100%        4    #####..
 Petrify                  Tmut/Erth      #.......     100%        4    #####..
 Metabolic Englaciation   Hex/Ice        #.........   100%        5    ######.
 Yara's Violent Unravell  Hex/Tmut       #.........   100%        5    ######.


Dungeon Overview and Level Annotations

Branches:
Dungeon (8/15)             Temple (1/1) D:7            Lair (0/6) D:8

Altars:
Ashenzari
Cheibriados
Dithmenos
Elyvilon
Fedhas
Gozag
Hepliaklqana
Kikubaaqudgha
Makhleb
Nemelex Xobeh
Okawaru
Qazlal
Ru
Sif Muna
Trog
Uskayaw
Vehumet
Wu Jian
Xom
Zin
The Shining One


Innate Abilities, Weirdness & Mutations

You reflexively headbutt those who attack you in melee.
You have a pair of horns on your head.
You are clumsy. (Dex -2)
You are dopey. (Int -2)
Your system is resistant to poisons. (rPois)


Message History

You block the killer bee's attack. The killer bee stings you.
* * * LOW HITPOINT WARNING * * *
The crimson imp blinks!
The killer bee stings you but does no damage.
You feel sick.
The killer bee stings you but does no damage.
You block the killer bee's attack. x2; The killer bee stings you.
* * * LOW HITPOINT WARNING * * *
Things that are here:
a +0 leather armour; a killer bee corpse Unknown command.
You slash the two-headed ogre!
The two-headed ogre is lightly wounded.
You barely miss the killer bee. You slice the killer bee!!
You kill the killer bee!
Okawaru accepts your kill. You block the killer bee's attack.
The killer bee stings you.
* * * LOW HITPOINT WARNING * * *
The two-headed ogre hits you with a +0 giant spiked club!!
You die...

### ># ..# .#
#.# .#
#.######.##.##
..§....†y)...#
......O@.)..(#
#.##.####....#
#)#### #.# #.#
#.# #.####
#....#
#.#####.#####


You could see a two-headed ogre and a killer bee.

Vanquished Creatures
  Pikel (D:5)
  Maurice (D:8)
  Grinder (D:5)
  Eustachio (D:4)
  3 wargs (D:8)
  An orc warrior (D:8)
  An ice beast (D:7)
  A sky beast (D:5)
  A black bear (D:6)
  A slave (D:5)
  3 ogres
  2 elf zombies (Ossuary)
  7 bullfrogs
  A scorpion (D:4)
  5 killer bees (D:8)
  A howler monkey (D:8)
  8 wights
  A crimson imp (D:6)
  A bullfrog zombie (D:6)
  2 centaur zombies
  A quasit (D:8)
  2 hounds
  A human zombie (Ossuary)
  4 orc priests
  Crazy Yiuf (D:6)
  An iguana (D:4)
  2 orc wizards
  2 worker ants (D:7)
  3 big kobold zombies (Ossuary)
  2 mummies (Ossuary)
  A hound skeleton (D:8)
  4 gnolls (D:6)
  8 adders
  2 shadow imps
  A white imp (D:6)
  2 oozes
  An adder skeleton (D:4)
  5 worms
  5 leopard geckos
  25 orcs
  3 ball pythons
  4 bats
  8 giant cockroaches
  12 goblins
  4 hobgoblins
  2 jackals (D:5)
  6 kobolds
  8 quokkas
  6 frilled lizards
  2 goblin zombies (Ossuary)
  11 hobgoblin zombies (Ossuary)
  5 kobold zombies (Ossuary)
  9 orc zombies (Ossuary)
  A quokka zombie (D:5)
  11 rats
  3 rat zombies (Ossuary)
211 creatures vanquished.

Vanquished Creatures (others)
  A human (D:2)
1 creature vanquished.

Grand Total: 212 creatures vanquished

Notes
Turn   | Place    | Note
-------+----------+-------------------------------------------
     0 | D:1      | Xesh the Minotaur Fighter began the quest for the Orb.
     0 | D:1      | Reached XP level 1. HP: 19/19 MP: 0/0
    81 | D:1      | Reached XP level 2. HP: 27/27 MP: 1/1
   543 | D:1      | Reached skill level 3 in Axes
   606 | D:1      | Reached XP level 3. HP: 33/33 MP: 2/2
   802 | D:1      | Reached skill level 1 in Dodging
  1188 | D:2      | Reached XP level 4. HP: 40/40 MP: 3/3
  1235 | D:2      | Reached skill level 4 in Axes
  1590 | D:2      | Found an ancient bone altar of Kikubaaqudgha.
  1591 | D:2      | Noticed a human
  1595 | D:2      | Killed a human
  2034 | D:3      | Gained mutation: You are dopey. (Int -2) [potion of
                  | mutation]
  2034 | D:3      | Gained mutation: You are clumsy. (Dex -2) [potion of
                  | mutation]
  2034 | D:3      | Gained mutation: Your system is resistant to poisons.
                  | (rPois) [potion of mutation]
  2451 | D:3      | Found a faded altar of an unknown god.
  2689 | D:4      | Reached skill level 5 in Axes
  2689 | D:4      | Reached XP level 5. HP: 31/46 MP: 4/4
  3087 | D:4      | Noticed Eustachio
  3136 | D:4      | Killed Eustachio
  3136 | D:4      | Reached skill level 6 in Axes
  3136 | D:4      | Reached XP level 6. HP: 23/52 MP: 5/5
  3827 | D:5      | Entered Level 5 of the Dungeon
  4128 | D:5      | Noticed a slave
  4128 | D:5      | Noticed a slave
  4128 | D:5      | Noticed a slave
  4129 | D:5      | Noticed Pikel
  4129 | D:5      | Noticed a slave
  4136 | D:5      | Killed a slave
  4139 | D:5      | Killed Pikel
  4139 | D:5      | Reached skill level 7 in Axes
  4139 | D:5      | Reached skill level 5 in Armour
  4139 | D:5      | Reached skill level 5 in Shields
  4139 | D:5      | Reached XP level 7. HP: 31/60 MP: 6/6
  4155 | D:5      | Noticed Grinder
  4163 | D:5      | Killed Grinder
  4163 | D:5      | Reached skill level 8 in Axes
  4163 | D:5      | Reached XP level 8. HP: 37/67 MP: 7/7
  4485 | D:5      | Reached skill level 5 in Fighting
  5184 | D:6      | Found a runed door.
  5188 | D:6      | Noticed Crazy Yiuf
  5192 | D:6      | Killed Crazy Yiuf
  5319 | D:6      | Reached skill level 9 in Axes
  5566 | D:6      | Reached skill level 10 in Axes
  5730 | D:6      | Reached XP level 9. HP: 72/74 MP: 8/8
  5939 | D:7      | Found a sand-covered staircase.
  5959 | Ossuary  | Entered an ossuary
  6327 | D:7      | Found a staircase to the Ecumenical Temple.
  6334 | Temple   | Entered the Ecumenical Temple
  6385 | Temple   | Became a worshipper of Warmaster Okawaru
  6661 | D:7      | Reached skill level 11 in Axes
  6661 | D:7      | Reached skill level 5 in Dodging
  6698 | D:7      | Found a shimmering altar of Xom.
  7008 | D:8      | Reached skill level 12 in Axes
  7009 | D:8      | Reached * piety under Okawaru
  7010 | D:8      | Found a staircase to the Lair.
  7432 | D:8      | Noticed Maurice
  7447 | D:8      | Killed Maurice
  7447 | D:8      | Reached XP level 10. HP: 57/84 MP: 9/9
  7447 | D:8      | Noticed a two-headed ogre
  7453 | D:8      | Slain by a two-headed ogre

Vault maps used:
D:1:      minmay_arrival_up_and_down, serial_bayou_lagoon_a, roderic_lattice_a,
          minivault_11, chequers_serial_rivers_room_b
D:2:      tgw_kikubaaqudgha
D:3:      chequers_ecumenical_altar_grove
D:4:      first_ration, uniq_eustachio
D:5:      uniq_pikel, uniq_grinder
D:6:      minmay_fire_ice_demons, uniq_crazy_yiuf_cottage
D:7:      minmay_temple_entry_statues, chequers_ossuary_entry_cave, tgw_xom
D:8:      lemuel_zombie_altar_yredelemnul, erik_lair_orcish_takeover,
          uniq_maurice
Temple:   compressed_dpeg_triangle_lava_temple
Ossuary:  ossuary_tomb_1

Skill      XL: |  1  2  3  4  5  6  7  8  9 |
---------------+----------------------------+-----
Armour         | 4 5 6 7 |  7.0
Axes           | 3 5 6 7 8 10 12 | 12.4
Shields        | 4 5 6 7 |  7.2
Dodging        | 1 2 3 4 5 |  5.9
Fighting       | 4 5 6 |  6.5
Stealth        | |  0.3

Action                   |  1- 3 |  4- 6 |  7- 9 | 10-12 || total
-------------------------+-------+-------+-------+-------++-------
Melee: War axe           |    94 |   258 |   306 |     5 ||   663
       Headbutt          |    17 |    24 |    48 |       ||    89
  Use: Scroll            |       |    17 |     7 |       ||    24
       Potion            |       |     3 |     6 |       ||     9
 Stab: Invisible         |       |       |     1 |       ||     1
  Eat: Chunk             |     1 |    10 |    11 |       ||    22
Armor: Scale mail        |    12 |       |       |       ||    12
       Chain mail        |    22 |    28 |       |       ||    50
       Plate armour      |       |   197 |   128 |     2 ||   327
Dodge: Dodged            |    14 |    79 |    55 |     3 ||   151
Block: Shield            |    52 |   172 |   144 |    11 ||   379

Table legend:
 A = Non-vault XP
 B = Vault XP
 C = Vault XP percentage of total XP
 D = Non-vault monster count
 E = Vault monster count
 F = Vault count percentage of total count
                 A         B        C        D         E       F
            +---------+---------+-------+---------+---------+-------
      Total |    3391 |    2663 |  44.0 |     154 |      56 |  26.7
            +---------+---------+-------+---------+---------+-------
        D:1 |      48 |       0 |   0.0 |      26 |       0 |   0.0
        D:2 |      95 |       0 |   0.0 |      28 |       0 |   0.0
        D:3 |      28 |       0 |   0.0 |       9 |       0 |   0.0
        D:4 |     230 |     208 |  47.5 |      19 |       1 |   5.0
        D:5 |     215 |     885 |  80.5 |       8 |       2 |  20.0
        D:6 |    1042 |      98 |   8.6 |      30 |       3 |   9.1
        D:7 |     507 |       7 |   1.4 |      12 |       4 |  25.0
        D:8 |    1226 |    1052 |  46.2 |      22 |       7 |  24.1
    Ossuary |       0 |     413 | 100.0 |       0 |      39 | 100.0
            +---------+---------+-------+---------+---------+-------
